[Event "FIDE Women World Rapid 2024"]
[Site "New York"]
[Date "2024.12.27"]
[Round "8.1"]
[White "Ju, Wenjun"]
[Black "Lagno, Kateryna"]
[Result "1/2-1/2"]
[ECO "D35"]
[WhiteElo "2563"]
[BlackElo "2515"]
[Annotator "ChessBase"]
[PlyCount "44"]
[EventDate "2024.12.14"]
[EventType "swiss"]
[EventCountry "USA"]
[SourceTitle "playchess.com"]
[Source "ChessBase"]
[SourceQuality "1"]
[TimeControl "900+10"]

1. d4 Nf6 2. c4 e6 3. Nc3 d5 4. cxd5 exd5 5. Bg5 c6 6. e3 Bd6 7. Bd3 O-O 8. Nge2 Re8 9. h3 Nbd7 10. Qc2 Nf8 11. O-O Ng6 12. Rfe1 h6 13. Bxf6 Qxf6 14. e4 dxe4 15. Nxe4 Qd8 16. Nxd6 Qxd6 17. Qc5 Qxc5 18. dxc5 Be6 19. Nc3 Nf4 20. Bf1 Bf5 21. Rxe8+ Rxe8 22. Rd1 Kf8 1/2-1/2

[Event "FIDE Women World Rapid 2024"]
[Site "New York"]
[Date "2024.12.27"]
[Round "8.1"]
[White "Khademalsharieh, Sarasadat"]
[Black "Balabayeva, Xeniya"]
[Result "1-0"]
[ECO "E05"]
[WhiteElo "2458"]
[BlackElo "2315"]
[Annotator "ChessBase"]
[PlyCount "73"]
[EventDate "2024.12.14"]
[EventType "swiss"]
[EventCountry "USA"]
[SourceTitle "playchess.com"]
[Source "ChessBase"]
[SourceQuality "1"]
[TimeControl "900+10"]

1. Nf3 d5 2. g3 Nf6 3. c4 e6 4. Bg2 Be7 5. O-O O-O 6. d4 dxc4 7. Qc2 a6 8. a4 c5 9. dxc5 Bxc5 10. Qxc4 Qe7 11. Ne5 Rd8 12. Nd3 Bd4 13. Nc3 Nc6 14. a5 e5 15. Bg5 Be6 16. Qa4 h6 17. Bxf6 Qxf6 18. Rac1 Rac8 19. Ne4 Qe7 20. Nec5 Bxc5 21. Rxc5 Rxd3 22. Rxc6 Rxc6 23. exd3 Rc7 24. Re1 Qd6 25. h4 g6 26. Qe4 Rc5 27. Qb4 Bd5 28. d4 exd4 29. Re8+ Kg7 30. Qxd4+ f6 31. b4 Rb5 32. Bxd5 Rxd5 33. Qe4 Kf7 34. Rh8 Qe5 35. Rh7+ Kf8 36. Qxg6 Qe1+ 37. Kg2 1-0

[Event "FIDE Women World Rapid 2024"]
[Site "New York"]
[Date "2024.12.27"]
[Round "8.2"]
[White "Dronavalli, Harika"]
[Black "Lei, Tingjie"]
[Result "1-0"]
[ECO "A24"]
[WhiteElo "2489"]
[BlackElo "2549"]
[Annotator "ChessBase"]
[PlyCount "153"]
[EventDate "2024.12.14"]
[EventType "swiss"]
[EventCountry "USA"]
[SourceTitle "playchess.com"]
[Source "ChessBase"]
[SourceQuality "1"]
[TimeControl "900+10"]

1. Nf3 Nf6 2. g3 g6 3. Bg2 Bg7 4. O-O O-O 5. c4 d6 6. Nc3 e5 7. d3 Re8 8. Rb1 a5 9. b3 c5 10. Ne1 Nc6 11. Nc2 Be6 12. a3 d5 13. Bg5 Ne7 14. Qc1 Rc8 15. e4 d4 16. Nb5 Ra8 17. f4 h6 18. f5 gxf5 19. Bxf6 Bxf6 20. Qxh6 Bg7 21. Qh5 Qd7 22. exf5 Bxf5 23. Be4 Bg6 24. Bxg6 Nxg6 25. Rbe1 e4 26. Rxe4 Rxe4 27. dxe4 Re8 28. Qf5 Re6 29. Ne1 Qe7 30. Nd3 Rxe4 31. Qxc5 Qxc5 32. Nxc5 Re3 33. Rd1 b6 34. Nd3 Ne5 35. Nxe5 Bxe5 36. b4 axb4 37. axb4 Rb3 38. Nxd4 Bxd4+ 39. Rxd4 Rxb4 40. Rg4+ Kf8 41. h3 f6 42. Kf2 Kf7 43. Ke3 b5 44. c5 Rb1 45. Kd4 Ke6 46. Re4+ Kd7 47. Kd5 b4 48. c6+ Kc7 49. Re7+ Kd8 50. Rb7 b3 51. Kd6 Kc8 52. Rc7+ Kd8 53. Rb7 Kc8 54. Ke6 b2 55. Kf7 f5 56. Kf6 Rg1 57. Rxb2 Rxg3 58. h4 f4 59. Kf5 f3 60. Rf2 Kc7 61. Kf4 Rh3 62. Kg4 Rh1 63. Rxf3 Kxc6 64. Rd3 Rg1+ 65. Kf5 Rf1+ 66. Kg5 Rg1+ 67. Kh6 Kc7 68. h5 Rh1 69. Rd5 Kc6 70. Rg5 Kd6 71. Kg7 Ke7 72. h6 Rf1 73. h7 Rf7+ 74. Kh6 Rf6+ 75. Rg6 Rf8 76. Rg8 Rf6+ 77. Kg5 1-0

[Event "FIDE Women World Rapid 2024"]
[Site "New York"]
[Date "2024.12.27"]
[Round "8.2"]
[White "Vantika Agrawal"]
[Black "Heinemann, Josefine"]
[Result "1/2-1/2"]
[ECO "D50"]
[WhiteElo "2392"]
[BlackElo "2305"]
[Annotator "ChessBase"]
[PlyCount "63"]
[EventDate "2024.12.14"]
[EventType "swiss"]
[EventCountry "USA"]
[SourceTitle "playchess.com"]
[Source "ChessBase"]
[SourceQuality "1"]
[TimeControl "900+10"]

1. d4 Nf6 2. c4 e6 3. Nf3 d5 4. Nc3 c5 5. cxd5 cxd4 6. Qxd4 exd5 7. Bg5 Be7 8. e3 O-O 9. Be2 Nc6 10. Qd3 Qb6 11. O-O Rd8 12. Rfd1 Be6 13. h3 h6 14. Bh4 Rac8 15. a3 g5 16. Bg3 Ne4 17. Nxe4 dxe4 18. Qxe4 Qxb2 19. Bd3 Qg7 20. Rab1 Rd7 21. Ne5 Nxe5 22. Bxe5 f5 23. Qd4 Rxd4 24. Bxg7 Rxd3 25. Rxd3 Kxg7 26. Rxb7 Rc1+ 27. Kh2 Kf6 28. Rxa7 Bc5 29. Rh7 Kg6 30. Rc7 Bxa3 31. Rxc1 Bxc1 32. f3 1/2-1/2

[Event "FIDE Women World Rapid 2024"]
[Site "New York"]
[Date "2024.12.27"]
[Round "8.3"]
[White "Kosteniuk, Alexandra"]
[Black "Yip, Carissa"]
[Result "1/2-1/2"]
[ECO "C55"]
[WhiteElo "2484"]
[BlackElo "2432"]
[Annotator "ChessBase"]
[PlyCount "90"]
[EventDate "2024.12.14"]
[EventType "swiss"]
[EventCountry "USA"]
[SourceTitle "playchess.com"]
[Source "ChessBase"]
[SourceQuality "1"]
[TimeControl "900+10"]

1. e4 e5 2. Nf3 Nc6 3. Bc4 Nf6 4. d3 h6 5. a4 d6 6. O-O g6 7. c3 Bg7 8. a5 a6 9. Re1 O-O 10. h3 Kh7 11. d4 exd4 12. cxd4 d5 13. exd5 Nxd5 14. Nc3 Be6 15. Qb3 Nxc3 16. bxc3 Bxc4 17. Qxc4 Qf6 18. Qb3 Rab8 19. Ba3 Rfc8 20. Ne5 Nxe5 21. Rxe5 b6 22. Be7 Qf4 23. Re3 bxa5 24. Qc2 c5 25. dxc5 Rb5 26. Bd6 Qc4 27. Ra4 Qb3 28. Qxb3 Rxb3 29. Rxa5 Rc6 30. c4 Rxe3 31. fxe3 Bc3 32. Ra4 a5 33. Kf2 Bb4 34. Ke2 Kg7 35. Kd3 Kf6 36. Kd4 Ke6 37. g4 Rc8 38. e4 f6 39. Ra2 Ra8 40. Ra4 Rh8 41. Bc7 Rc8 42. Bb6 Rc6 43. Ra2 Rc8 44. Ra4 Rc6 45. Ra2 Rc8 1/2-1/2

[Event "FIDE Women World Rapid 2024"]
[Site "New York"]
[Date "2024.12.27"]
[Round "8.3"]
[White "Jarocka, Liwia"]
[Black "Yu, Jennifer"]
[Result "1/2-1/2"]
[ECO "C42"]
[WhiteElo "2261"]
[BlackElo "2283"]
[Annotator "ChessBase"]
[PlyCount "92"]
[EventDate "2024.12.14"]
[EventType "swiss"]
[EventCountry "USA"]
[SourceTitle "playchess.com"]
[Source "ChessBase"]
[SourceQuality "1"]
[TimeControl "900+10"]

1. e4 e5 2. Nf3 Nf6 3. Nxe5 d6 4. Nf3 Nxe4 5. d4 d5 6. Bd3 Nc6 7. O-O Be7 8. c4 Nb4 9. Be2 O-O 10. Nc3 Bf5 11. a3 Nxc3 12. bxc3 Nc6 13. cxd5 Qxd5 14. Bf4 Qd8 15. d5 Na5 16. c4 Bf6 17. Ra2 Re8 18. Nd4 Bxd4 19. Qxd4 Re4 20. Qc5 Rxf4 21. Qxa5 Be4 22. Qd2 Qf6 23. f3 Bg6 24. Qb2 Qb6+ 25. Kh1 Re8 26. Qxb6 axb6 27. Rd1 h6 28. Kg1 Re3 29. d6 cxd6 30. Rxd6 Rb3 31. Rd7 Be4 32. g3 Rfxf3 33. Bxf3 Bxf3 34. a4 g5 35. Rdd2 Kg7 36. Kf2 Bc6 37. a5 bxa5 38. Rxa5 Rf3+ 39. Kg1 Rc3 40. Rc5 Kg6 41. Rd6+ Kh5 42. Rf6 Rc1+ 43. Rf1 Rc2 44. Rf2 Rc1+ 45. Rf1 Rc2 46. Rf2 Rc1+ 1/2-1/2

[Event "FIDE Women World Rapid 2024"]
[Site "New York"]
[Date "2024.12.27"]
[Round "8.4"]
[White "Batsiashvili, Nino"]
[Black "Koneru, Humpy"]
[Result "0-1"]
[ECO "E52"]
[WhiteElo "2476"]
[BlackElo "2523"]
[Annotator "ChessBase"]
[PlyCount "86"]
[EventDate "2024.12.14"]
[EventType "swiss"]
[EventCountry "USA"]
[SourceTitle "playchess.com"]
[Source "ChessBase"]
[SourceQuality "1"]
[TimeControl "900+10"]

1. d4 Nf6 2. c4 e6 3. Nc3 Bb4 4. Nf3 b6 5. e3 Bb7 6. Bd3 O-O 7. O-O d5 8. cxd5 exd5 9. Ne5 Re8 10. Bd2 Bd6 11. f4 c5 12. Be1 a6 13. Qf3 cxd4 14. exd4 Nc6 15. Bf2 Bb4 16. Rad1 b5 17. Ne2 Ne4 18. a3 Bf8 19. Ng3 Na5 20. Rfe1 f6 21. Ng4 Nc4 22. Re2 Qd7 23. f5 Qf7 24. Ne3 Ncd6 25. Bb1 Nxg3 26. Bxg3 Ne4 27. Ba2 Rad8 28. Bf4 Bd6 29. Rde1 Bxf4 30. Qxf4 Nd6 31. Qf3 Nc4 32. Nxc4 Rxe2 33. Qxe2 dxc4 34. Qf2 Qd5 35. b3 cxb3 36. Bb1 Qxd4 37. Re8+ Kf7 38. Rxd8 Qxd8 39. Qc5 Qd1+ 40. Kf2 Qd2+ 41. Kg3 Qxg2+ 42. Kh4 Qxh2+ 43. Kg4 h5# 0-1

[Event "FIDE Women World Rapid 2024"]
[Site "New York"]
[Date "2024.12.27"]
[Round "8.4"]
[White "Peycheva, Gergana"]
[Black "Injac, Teodora"]
[Result "0-1"]
[ECO "E11"]
[WhiteElo "2212"]
[BlackElo "2441"]
[Annotator "ChessBase"]
[PlyCount "92"]
[EventDate "2024.12.14"]
[EventType "swiss"]
[EventCountry "USA"]
[SourceTitle "playchess.com"]
[Source "ChessBase"]
[SourceQuality "1"]
[TimeControl "900+10"]

1. d4 Nf6 2. c4 e6 3. Nc3 Bb4 4. e3 O-O 5. Bd2 c5 6. Nf3 b6 7. dxc5 Bxc5 8. Be2 Bb7 9. O-O Be7 10. a3 a6 11. b4 Qc7 12. Qb3 Ng4 13. h3 Bxf3 14. hxg4 Bxe2 15. Nxe2 Nc6 16. Rac1 Ne5 17. f3 Rfc8 18. Be1 Nxc4 19. Bg3 d6 20. Rfd1 b5 21. Rd3 Qa7 22. Bf2 Bd8 23. a4 Qb7 24. Rdd1 Bb6 25. a5 Ba7 26. Ng3 Qe7 27. Ne2 Rc7 28. Rc3 Rac8 29. Rcd3 h6 30. Nd4 Qg5 31. Ne2 h5 32. gxh5 Qxh5 33. Ng3 Qg6 34. Ne4 d5 35. Ng3 Rc6 36. f4 Nd6 37. R3d2 Rc3 38. Qb2 Bxe3 39. Bxe3 Rxe3 40. Nf1 Rec3 41. Rf2 Ne4 42. Re2 Qg4 43. Rde1 Qxf4 44. Nd2 Rc2 45. Qd4 Rxd2 46. Rxd2 Qxd2 0-1

[Event "FIDE Women World Rapid 2024"]
[Site "New York"]
[Date "2024.12.27"]
[Round "8.5"]
[White "Paehtz, Elisabeth"]
[Black "Zhu, Jiner"]
[Result "1-0"]
[ECO "D02"]
[WhiteElo "2430"]
[BlackElo "2514"]
[Annotator "ChessBase"]
[PlyCount "83"]
[EventDate "2024.12.14"]
[EventType "swiss"]
[EventCountry "USA"]
[SourceTitle "playchess.com"]
[Source "ChessBase"]
[SourceQuality "1"]
[TimeControl "900+10"]

1. d4 Nf6 2. Nf3 e6 3. Bf4 d5 4. e3 Bd6 5. c3 O-O 6. Nbd2 c5 7. Bd3 Qc7 8. Bxd6 Qxd6 9. Ne5 b6 10. f4 Ba6 11. Bc2 Nc6 12. g4 Ne7 13. Qf3 Ne8 14. Qh3 f5 15. Rg1 Rc8 16. Ndf3 Nf6 17. Ng5 cxd4 18. exd4 b5 19. a3 Bb7 20. gxf5 exf5 21. Bxf5 Nxf5 22. Qxf5 Rce8 23. O-O-O a5 24. Rg3 Bc8 25. Qc2 b4 26. Rdg1 Re7 27. a4 Rc7 28. Kb1 bxc3 29. Rxc3 Rxc3 30. Qxc3 Bf5+ 31. Ka2 Qb6 32. Qc5 Qb7 33. Qb5 Qa7 34. Nc6 Qc7 35. Qc5 Re8 36. Ne5 Qb7 37. Ngf7 Bg6 38. Nd6 Qa6 39. Nxe8 Bxe8 40. Qe7 g6 41. Rc1 Bxa4 42. Rc7 1-0

[Event "FIDE Women World Rapid 2024"]
[Site "New York"]
[Date "2024.12.27"]
[Round "8.5"]
[White "Garcia Martin, Marta"]
[Black "Nurgaliyeva, Zarina"]
[Result "0-1"]
[ECO "A00"]
[WhiteElo "2322"]
[BlackElo "2263"]
[Annotator "ChessBase"]
[PlyCount "126"]
[EventDate "2024.12.14"]
[EventType "swiss"]
[EventCountry "USA"]
[SourceTitle "playchess.com"]
[Source "ChessBase"]
[SourceQuality "1"]
[TimeControl "900+10"]

1. g3 d5 2. Bg2 e5 3. d3 Nf6 4. a3 Be7 5. b4 O-O 6. Bb2 Nbd7 7. c4 c6 8. Qb3 a5 9. Nd2 axb4 10. axb4 Rxa1+ 11. Bxa1 Qb6 12. b5 Qa7 13. Qb1 Re8 14. Nh3 Bb4 15. Qxb4 Qxa1+ 16. Qb1 Qa5 17. Qb2 dxc4 18. dxc4 e4 19. O-O e3 20. fxe3 Ng4 21. Ne4 Nxe3 22. Nd6 Rf8 23. Nf5 Nxf5 24. Rxf5 Nb6 25. Rf4 Qe1+ 26. Rf1 Nxc4 27. Rxe1 Nxb2 28. bxc6 bxc6 29. Rc1 Bd7 30. Ng5 f6 31. Ne4 Na4 32. Rc4 Ra8 33. Kf2 Kf7 34. Rb4 Ra7 35. Nd6+ Ke7 36. Nc4 c5 37. Rb8 Nc3 38. Nb6 Be6 39. Bf3 Kd6 40. Rh8 h6 41. Nc8+ Bxc8 42. Rxc8 Rc7 43. Rd8+ Ke7 44. Rg8 Kf7 45. Rb8 Nd1+ 46. Ke1 Ne3 47. Kf2 Nf5 48. Bd5+ Ke7 49. e4 Nd6 50. Ke3 c4 51. Kd2 f5 52. e5 c3+ 53. Kc2 Nf7 54. Rg8 Rc5 55. e6 Rxd5 56. exf7 Kxf7 57. Rc8 Rd2+ 58. Kxc3 Rxh2 59. Kd4 Re2 60. Rc6 h5 61. Ra6 g6 62. Ra3 Kf6 63. Kd3 Re4 0-1

[Event "FIDE Women World Rapid 2024"]
[Site "New York"]
[Date "2024.12.27"]
[Round "8.6"]
[White "Khamdamova, Afruza"]
[Black "Assaubayeva, Bibisara"]
[Result "1/2-1/2"]
[ECO "B92"]
[WhiteElo "2354"]
[BlackElo "2492"]
[Annotator "ChessBase"]
[PlyCount "70"]
[EventDate "2024.12.14"]
[EventType "swiss"]
[EventCountry "USA"]
[SourceTitle "playchess.com"]
[Source "ChessBase"]
[SourceQuality "1"]
[TimeControl "900+10"]

1. e4 c5 2. Nf3 d6 3. d4 cxd4 4. Nxd4 Nf6 5. Nc3 a6 6. Be2 e5 7. Nb3 Be7 8. Be3 Be6 9. Nd5 Nbd7 10. Qd3 Bxd5 11. exd5 O-O 12. g4 e4 13. Qd2 Nb6 14. c4 Rc8 15. Rc1 Nfd7 16. Nd4 Ne5 17. b3 Nbd7 18. O-O Nc5 19. Rcd1 Qd7 20. h3 Rfe8 21. Kg2 Ng6 22. Nf5 b5 23. Bd4 Bf8 24. Qe3 Nd3 25. Bxd3 exd3 26. Qf3 bxc4 27. bxc4 Rxc4 28. Rxd3 Rc2 29. a3 Qb5 30. Kg1 Nf4 31. Qxf4 Qxd3 32. Qg5 f6 33. Nh6+ Kh8 34. Nf7+ Kg8 35. Nh6+ Kh8 1/2-1/2

[Event "FIDE Women World Rapid 2024"]
[Site "New York"]
[Date "2024.12.27"]
[Round "8.6"]
[White "Mammadova, Gulnar"]
[Black "Lesbekova, Assel"]
[Result "1-0"]
[ECO "C43"]
[WhiteElo "2333"]
[BlackElo "1952"]
[Annotator "ChessBase"]
[PlyCount "71"]
[EventDate "2024.12.14"]
[EventType "swiss"]
[EventCountry "USA"]
[SourceTitle "playchess.com"]
[Source "ChessBase"]
[SourceQuality "1"]
[TimeControl "900+10"]

1. e4 e5 2. Nf3 Nf6 3. d4 Nxe4 4. Bd3 d5 5. Nxe5 Nd7 6. Nc3 Nxe5 7. dxe5 Nc5 8. Nxd5 c6 9. Nf4 Qd4 10. O-O Nxd3 11. cxd3 Bf5 12. Qb3 O-O-O 13. Qxf7 Qxe5 14. Be3 g5 15. d4 Qa5 16. Bd2 Qxd2 17. Qxf5+ Kb8 18. Ne6 Bd6 19. Nxd8 Rxd8 20. Rad1 Qxb2 21. Qxg5 Kc7 22. d5 c5 23. Rb1 Qh8 24. Rfe1 Rd7 25. Re6 Qf8 26. Rf6 Qe7 27. Qf5 h5 28. h4 b6 29. Kf1 Qh7 30. Qxh7 Rxh7 31. Ke2 a6 32. a4 Rg7 33. g3 Rg4 34. Rf7+ Kc8 35. Rxb6 Bc7 36. Rc6 1-0

[Event "FIDE Women World Rapid 2024"]
[Site "New York"]
[Date "2024.12.27"]
[Round "8.7"]
[White "Tsolakidou, Stavroula"]
[Black "Bulmaga, Irina"]
[Result "1-0"]
[ECO "E05"]
[WhiteElo "2451"]
[BlackElo "2386"]
[Annotator "ChessBase"]
[PlyCount "203"]
[EventDate "2024.12.14"]
[EventType "swiss"]
[EventCountry "USA"]
[SourceTitle "playchess.com"]
[Source "ChessBase"]
[SourceQuality "1"]
[TimeControl "900+10"]

1. d4 Nf6 2. c4 e6 3. g3 d5 4. Bg2 Be7 5. Nf3 O-O 6. O-O dxc4 7. Qc2 a6 8. a4 Bd7 9. Qxc4 Bc6 10. Bg5 Nbd7 11. Nc3 h6 12. Bxf6 Nxf6 13. a5 Bd5 14. Qd3 Bxf3 15. Bxf3 c6 16. Qc4 Qd6 17. Rfd1 Rfd8 18. e3 h5 19. Na4 g6 20. Nb6 Rab8 21. Qc2 Qc7 22. e4 Nd7 23. Nc4 e5 24. d5 cxd5 25. exd5 Nf6 26. Rac1 Bd6 27. Qd2 Qe7 28. Qg5 Kg7 29. h4 Re8 30. Re1 Rbd8 31. Re2 Nh7 32. Qe3 f5 33. Qc3 Qf6 34. Bg2 Re7 35. b4 e4 36. Qb3 g5 37. hxg5 Nxg5 38. Qb2 Bb8 39. Qxf6+ Kxf6 40. Rd1 Bd6 41. Rb2 Rc7 42. Ne3 Rdc8 43. b5 Rc1 44. Rb1 Rxd1+ 45. Nxd1 Rc5 46. bxa6 bxa6 47. Ne3 Ke5 48. Rb6 Bc7 49. Rxa6 Rc1+ 50. Kh2 h4 51. Rc6 Rxc6 52. dxc6 hxg3+ 53. fxg3 Kd6 54. Nxf5+ Kxc6 55. a6 Kb6 56. Bf1 Ne6 57. Ne7 Bb8 58. Nc8+ Kc5 59. a7 Bxa7 60. Nxa7 e3 61. Nb5 Kd5 62. Kg2 Ke4 63. Nd6+ Kd4 64. Kf3 Ng5+ 65. Ke2 Ke5 66. Nc4+ Kd4 67. Nxe3 Ne4 68. g4 Ke5 69. Bg2 Nf6 70. Kf3 Nxg4 71. Kxg4 Kd4 72. Kf4 Kd3 73. Be4+ Kd4 74. Nc2+ Kc4 75. Ke5 Kc5 76. Bd3 Kc6 77. Nb4+ Kc5 78. Na6+ Kc6 79. Bc4 Kd7 80. Bd5 Ke7 81. Be6 Ke8 82. Nc5 Ke7 83. Nb7 Ke8 84. Kf6 Kf8 85. Bd7 Kg8 86. Nd6 Kh7 87. Nf7 Kg8 88. Bf5 Kf8 89. Bh7 Ke8 90. Ne5 Kf8 91. Nd7+ Ke8 92. Ke6 Kd8 93. Kd6 Ke8 94. Bg6+ Kd8 95. Nc5 Kc8 96. Bf7 Kd8 97. Nb7+ Kc8 98. Kc6 Kb8 99. Kb6 Kc8 100. Be6+ Kb8 101. Nc5 Ka8 102. Bf5 1-0

[Event "FIDE Women World Rapid 2024"]
[Site "New York"]
[Date "2024.12.27"]
[Round "8.7"]
[White "Beydullayeva, Govhar"]
[Black "Javakhishvili, Lela"]
[Result "1-0"]
[ECO "A50"]
[WhiteElo "2404"]
[BlackElo "2426"]
[Annotator "ChessBase"]
[PlyCount "213"]
[EventDate "2024.12.14"]
[EventType "swiss"]
[EventCountry "USA"]
[SourceTitle "playchess.com"]
[Source "ChessBase"]
[SourceQuality "1"]
[TimeControl "900+10"]

1. d4 Nf6 2. c4 b6 3. Nc3 Bb7 4. Qc2 d5 5. cxd5 Nxd5 6. e4 Nxc3 7. bxc3 e6 8. Nf3 Be7 9. Bb5+ c6 10. Bd3 c5 11. d5 exd5 12. exd5 Bxd5 13. O-O Nd7 14. Re1 h6 15. Qe2 Be6 16. Bf4 a6 17. Rad1 O-O 18. Be4 Ra7 19. Ne5 Qb8 20. Ng6 Qe8 21. Nxe7+ Qxe7 22. Bd6 Qf6 23. Bxf8 Nxf8 24. Qb2 b5 25. a3 Bg4 26. f3 Be6 27. Bd5 Bf5 28. Qc1 Rd7 29. Qe3 c4 30. Be4 Bxe4 31. fxe4 Qe7 32. Rxd7 Nxd7 33. e5 Nc5 34. Re2 Ne6 35. Qc1 a5 36. h3 h5 37. Kh1 Qc5 38. Re4 Qd5 39. Re1 Nc5 40. Qg5 Nd3 41. Re2 b4 42. cxb4 axb4 43. axb4 c3 44. Qf5 Nf4 45. Rc2 Ne2 46. Rxe2 Qd1+ 47. Kh2 Qxe2 48. Qc8+ Kh7 49. Qxc3 Qe4 50. b5 Qb1 51. Qc4 Qf5 52. Qd4 g5 53. b6 Qb1 54. Qf2 Kg8 55. Qf6 g4 56. Qg5+ Kf8 57. Qd8+ Kg7 58. Qg5+ Kf8 59. Qxh5 gxh3 60. Qh8+ Ke7 61. Qf6+ Kf8 62. Kxh3 Qh1+ 63. Kg3 Qe1+ 64. Kh2 Qb1 65. Qh6+ Kg8 66. Qg5+ Kh7 67. Qf6 Qb3 68. Kg1 Qe3+ 69. Kf1 Qd3+ 70. Kf2 Qd4+ 71. Kf3 Qd5+ 72. Kg3 Qb3+ 73. Kg4 Qc4+ 74. Kg5 Qb3 75. Qf5+ Kg7 76. Qf6+ Kh7 77. g4 Kg8 78. Qd8+ Kg7 79. Qd4 Kg8 80. Kf4 Qb5 81. Qd8+ Kh7 82. Qc7 Kg6 83. Ke4 Qe2+ 84. Kd5 Qf3+ 85. Kd6 Qxg4 86. b7 Qd4+ 87. Ke7 Qh4+ 88. Ke8 Qh8+ 89. Kd7 Qh3+ 90. Kc6 Qf3+ 91. Kb6 Qb3+ 92. Ka6 Qd3+ 93. Ka7 Qa3+ 94. Kb8 Qf8+ 95. Qc8 Qe7 96. Qg4+ Kh7 97. Qh3+ Kg7 98. Ka8 Qd8+ 99. b8=Q Qa5+ 100. Qa7 Qd5+ 101. Qb7 Qa5+ 102. Kb8 Qxe5+ 103. Qc7 Qb5+ 104. Kc8 Qe8+ 105. Kb7 Qb5+ 106. Qb6 Qd5+ 107. Qc6 1-0

[Event "FIDE Women World Rapid 2024"]
[Site "New York"]
[Date "2024.12.27"]
[Round "8.8"]
[White "Tan, Zhongyi"]
[Black "Zhu, Chen"]
[Result "1-0"]
[ECO "A21"]
[WhiteElo "2561"]
[BlackElo "2423"]
[Annotator "ChessBase"]
[PlyCount "57"]
[EventDate "2024.12.14"]
[EventType "swiss"]
[EventCountry "USA"]
[SourceTitle "playchess.com"]
[Source "ChessBase"]
[SourceQuality "1"]
[TimeControl "900+10"]

1. c4 d6 2. Nc3 e5 3. g3 g6 4. Bg2 Bg7 5. e3 Ne7 6. Nge2 O-O 7. d4 c6 8. O-O f5 9. b4 exd4 10. Nxd4 c5 11. bxc5 dxc5 12. Nde2 Nbc6 13. Rb1 Na5 14. Nd5 Nec6 15. Qc2 Ne5 16. Rd1 Rb8 17. Ba3 Qd6 18. Rb5 Naxc4 19. Bxc5 Qa6 20. Nc7 Qf6 21. Bd5+ Kh8 22. Bxf8 Bxf8 23. Bxc4 Nf3+ 24. Kh1 Qc6 25. Qc3+ Nd4+ 26. Kg1 Bg7 27. Rxd4 Qxc7 28. Bb3 Qxc3 29. Rd8+ 1-0

[Event "FIDE Women World Rapid 2024"]
[Site "New York"]
[Date "2024.12.27"]
[Round "8.8"]
[White "Khotenashvili, Bella"]
[Black "Uuriintuya, Uurtsaikh"]
[Result "0-1"]
[ECO "A26"]
[WhiteElo "2420"]
[BlackElo "2187"]
[Annotator "ChessBase"]
[PlyCount "82"]
[EventDate "2024.12.14"]
[EventType "swiss"]
[EventCountry "USA"]
[SourceTitle "playchess.com"]
[Source "ChessBase"]
[SourceQuality "1"]
[TimeControl "900+10"]

1. Nf3 Nf6 2. g3 g6 3. Bg2 Bg7 4. O-O O-O 5. c4 d6 6. Nc3 e5 7. d3 h6 8. Rb1 Nc6 9. b4 Be6 10. b5 Ne7 11. a4 Qd7 12. Re1 Bh3 13. Bh1 Ng4 14. Ba3 f5 15. Qb3 Kh7 16. c5 b6 17. cxd6 cxd6 18. Nd5 Nxd5 19. Qxd5 Rad8 20. Rbc1 e4 21. Nd4 f4 22. Ne6 Rf5 23. Qxe4 fxg3 24. fxg3 Re5 25. Nxd8 Rxe4 26. Bxe4 Qxd8 27. e3 d5 28. Bg2 Bxg2 29. Kxg2 Qg5 30. Rc7 Nxe3+ 31. Kg1 Qe5 32. Re7 Qc3 33. R1xe3 Qxa3 34. Rxa7 Qc5 35. Kf2 g5 36. Kf3 g4+ 37. Ke2 Qc2+ 38. Kf1 Kg6 39. Re6+ Kf5 40. Re2 Qd1+ 41. Re1 Qf3+ 0-1

[Event "FIDE Women World Rapid 2024"]
[Site "New York"]
[Date "2024.12.27"]
[Round "8.9"]
[White "Lee, Alice"]
[Black "Sukandar, Irine Kharisma"]
[Result "0-1"]
[ECO "E04"]
[WhiteElo "2398"]
[BlackElo "2330"]
[Annotator "ChessBase"]
[PlyCount "114"]
[EventDate "2024.12.14"]
[EventType "swiss"]
[EventCountry "USA"]
[SourceTitle "playchess.com"]
[Source "ChessBase"]
[SourceQuality "1"]
[TimeControl "900+10"]

1. d4 Nf6 2. c4 e6 3. Nf3 d5 4. g3 dxc4 5. Bg2 Bb4+ 6. Bd2 c5 7. Qc2 O-O 8. Qxc4 Bxd2+ 9. Nbxd2 cxd4 10. Nxd4 e5 11. N4b3 a5 12. Rd1 Qe7 13. O-O Nc6 14. Qc5 Qe6 15. Nc4 a4 16. Rd6 Qg4 17. Nbd2 Be6 18. Nxe5 Qxe2 19. Nxc6 bxc6 20. Bf3 Qa6 21. Rxc6 Qa5 22. Qc2 Rad8 23. Ne4 Nxe4 24. Bxe4 Rd2 25. Bxh7+ Kh8 26. Qe4 Qh5 27. Qb4 Rfd8 28. Bb1 Rd1 29. Rxe6 Rxf1+ 30. Kxf1 fxe6 31. Kg2 Qd5+ 32. Kh3 Qd4 33. Qa5 e5 34. Bc2 Rf8 35. f4 Qxb2 36. Qxa4 Qd4 37. fxe5 Qxa4 38. Bxa4 Rf2 39. e6 Re2 40. Bd7 Kg8 41. a4 Kf8 42. g4 g5 43. Kg3 Ra2 44. Kf3 Rxh2 45. Ke4 Rf2 46. Kd5 Ke7 47. Kc5 Rc2+ 48. Kb6 Kd6 49. a5 Rb2+ 50. Bb5 Kxe6 51. a6 Kd6 52. a7 Ra2 53. Ba6 Rb2+ 54. Ka5 Kc5 55. Bc4 Kxc4 56. Ka6 Ra2+ 57. Kb7 Kd4 0-1

[Event "FIDE Women World Rapid 2024"]
[Site "New York"]
[Date "2024.12.27"]
[Round "8.9"]
[White "Guichard, Pauline"]
[Black "Ouellet, Maili-Jade"]
[Result "1/2-1/2"]
[ECO "E51"]
[WhiteElo "2357"]
[BlackElo "2386"]
[Annotator "ChessBase"]
[PlyCount "116"]
[EventDate "2024.12.14"]
[EventType "swiss"]
[EventCountry "USA"]
[SourceTitle "playchess.com"]
[Source "ChessBase"]
[SourceQuality "1"]
[TimeControl "900+10"]

1. d4 Nf6 2. c4 e6 3. Nc3 Bb4 4. e3 O-O 5. Bd3 d5 6. a3 dxc4 7. Bxc4 Be7 8. Nf3 c5 9. O-O a6 10. dxc5 Bxc5 11. Qe2 b5 12. Ba2 Bb7 13. e4 Nbd7 14. e5 Bxf3 15. gxf3 Ne8 16. Rd1 Qc7 17. Bf4 g6 18. Rac1 Qb7 19. Ne4 Be7 20. Qc2 Nb6 21. Qc6 Rb8 22. Nf6+ Nxf6 23. exf6 Bxf6 24. Bxb8 Rxb8 25. b4 Kg7 26. Rc2 Qa7 27. Kg2 Be5 28. Qe4 Bf6 29. Rdc1 Rb7 30. Rc6 Rd7 31. R1c2 Na4 32. Qf4 Qa8 33. Rc8 Qa7 34. R8c7 Rxc7 35. Qxc7 Qxc7 36. Rxc7 Kf8 37. Ra7 Bb2 38. Rxa6 Bxa3 39. Ra5 Bxb4 40. Rxb5 Bd6 41. Bb3 Nc5 42. Bc4 Nd7 43. Rb7 Ne5 44. Bb5 g5 45. Ra7 Ng6 46. Ba4 Nh4+ 47. Kh1 Nxf3 48. Bd1 Ne5 49. Kg2 Ng6 50. Kf3 Bxh2 51. Kg4 Bf4 52. Bb3 Ne5+ 53. Kh5 g4 54. Bd1 Kg7 55. Bxg4 Nxg4 56. Kxg4 Be5 57. f4 Bc3 58. f5 exf5+ 1/2-1/2

[Event "FIDE Women World Rapid 2024"]
[Site "New York"]
[Date "2024.12.27"]
[Round "8.10"]
[White "Munkhzul, Turmunkh"]
[Black "Muzychuk, Anna"]
[Result "1-0"]
[ECO "C68"]
[WhiteElo "2301"]
[BlackElo "2515"]
[Annotator "ChessBase"]
[PlyCount "93"]
[EventDate "2024.12.14"]
[EventType "swiss"]
[EventCountry "USA"]
[SourceTitle "playchess.com"]
[Source "ChessBase"]
[SourceQuality "1"]
[TimeControl "900+10"]

1. e4 e5 2. Nf3 Nc6 3. Bb5 a6 4. Bxc6 dxc6 5. Nc3 f6 6. d4 exd4 7. Qxd4 Qxd4 8. Nxd4 c5 9. Nde2 Be6 10. Be3 O-O-O 11. f3 b6 12. Kf2 Bd6 13. Rad1 Ne7 14. Bf4 Bxf4 15. Nxf4 Bf7 16. a3 Nc6 17. Rxd8+ Rxd8 18. Rd1 Ne5 19. Rxd8+ Kxd8 20. Nd1 Nc4 21. Nd3 a5 22. Ne3 Nd6 23. h4 Kd7 24. g4 Nb5 25. c3 Nd6 26. g5 Ke7 27. gxf6+ gxf6 28. Kg3 c6 29. Kf4 Bc4 30. Nf2 Be6 31. e5 fxe5+ 32. Kxe5 Nf7+ 33. Kf4 Bd5 34. Nfg4 a4 35. h5 b5 36. Nf2 Ke6 37. Nd3 c4 38. Nc5+ Kd6 39. Ne4+ Bxe4 40. fxe4 Ne5 41. Kf5 Nd3 42. Kf6 Kd7 43. e5 Ke8 44. e6 Nf4 45. h6 Kf8 46. e7+ Ke8 47. Nf5 1-0